 Dungeon Crawl Stone Soup version 0.26-a0-667-g92642533e4 (webtiles) character file.

Game seed: 13753297926770640301

820 jasper the Cruncher (level 8, -4/57 HPs)
             Began as a Human Gladiator on Oct 18, 2020.
             Was an Initiate of Gozag.
             Slain by a wyvern skeleton (8 damage)
             ... on level 6 of the Dungeon.
             The game lasted 00:07:10 (5330 turns).

jasper the Cruncher (Human Gladiator)               Turns: 5330, Time: 00:07:11

Health: -4/57      AC: 10    Str: 14    XL:     8   Next: 16%
Magic:  8/8        EV: 11    Int: 10    God:    Gozag
Gold:   276        SH:  5    Dex: 16    Spells: 7/7 levels left

rFire    . . .     SeeInvis .   a - +0 quarterstaff
rCold    . . .     Faith    .   (shield currently unavailable)
rNeg     . . .     Spirit   .   k - +0 scale mail
rPois    .         Reflect  +   c - +0 helmet
rElec    .         Harm     .   q - +0 cloak
rCorr    .         Rampage  .   (no gloves)
MR       .....                  w - +1 pair of boots {Fly}
Stlth    ..........             h - amulet of reflection
HPRegen  0.19/turn              s - ring of wizardry
MPRegen  0.11/turn              (no ring)

@: mighty, gold aura, flying, studying Fighting
A: sense surroundings 1, wild magic 1
a: Potion Petition, Call Merchant, Bribe Branch, Renounce Religion


You were on level 6 of the Dungeon.
You worshipped Gozag.
Gozag was aware of your devotion.
You visited 1 branch of the dungeon, and saw 6 of its levels.

You collected 519 gold pieces.
You spent 214 gold pieces at shops.
You paid 29 gold pieces to Gozag.

Inventory:

Hand Weapons
 a - a +0 quarterstaff (weapon)
Missiles
 e - 135 stones (quivered)
Armour
 b - a +0 leather armour
 c - a +0 helmet (worn)
 k - a +0 scale mail (worn)
 q - a +0 cloak (worn)
 w - a +1 pair of boots of flying (worn)
Jewellery
 h - an amulet of reflection (around neck)
 s - a ring of wizardry (left hand)
Wands
 r - a wand of polymorph (8)
 t - a wand of random effects (27)
Scrolls
 f - 3 scrolls of teleportation {unknown}
 i - 4 scrolls of identify {unknown}
 l - 3 scrolls of magic mapping {unknown}
 p - a scroll of amnesia {unknown}
 v - a scroll of fog {unknown}
 x - a scroll of remove curse {unknown}
Potions
 g - 2 potions of flight
 o - a potion of invisibility {unknown}
Books
 u - a manual of Fighting


   Skills:
 - Level 2.4 Fighting
 * Level 8.8 Staves
 - Level 2.0 Throwing
 - Level 1.1 Armour
 - Level 3.3 Dodging


You had 7 spell levels left.
You didn't know any spells.
Your spell library was empty.

Dungeon Overview and Level Annotations

Branches:
Dungeon (5/15)
 Temple: D:4-7

Altars:
Ashenzari
Fedhas
Gozag
Hepliaklqana
Nemelex Xobeh
Qazlal
Vehumet
Zin

Shops:
D:4 [

Annotations:
D:2 exclusion: oklob plant


Innate Abilities, Weirdness & Mutations

You passively map a small area around you.
Your spells are a little harder to cast, but a little more powerful.


Message History

You sock the white imp!
You kill the white imp!
The wyvern skeleton bites you but does no damage.
The iguana bites you.
* * * LOW HITPOINT WARNING * * *
You take 5 damage, and have 4/57 hp.
Unknown command.
Okay, then.
Okay, then.
It was a potion of flight.
You feel more buoyant. The wyvern skeleton barely misses you.
The iguana misses you. You block the wyvern skeleton's attack.
It was a potion of mutation.
You feel extremely strange.
You feel less in control of your magic.
You feel a little pissed off.
You feel a strange attunement to the structure of the dungeons.
You feel a little more calm. The wyvern skeleton bites you!
You die...
Your body crumbles into a pile of gold.

,, (........ ,
.#......( .. ,
, , .........
... ,, ........
**,.... $ , ,
#.....#####..#
..##.....#....#
* ,
#......[.....#
, #.....lZ$# *
##....#@## *
###..### , ####
, , , , **


You could see an iguana and a wyvern skeleton.

Vanquished Creatures
  Eustachio (D:4)
  A centaur (D:4)
  A water moccasin skeleton (D:4)
  A hound (D:4)
  An orc wizard (D:4)
  2 orc priests (D:4)
  Ijyb (D:4)
  Natasha (thrice) (D:4)
  2 iguanas (D:4)
  5 worker ants
  6 adders
  2 white imps
  An ooze (D:1)
  An adder skeleton (D:4)
  A worm (D:4)
  2 dart slugs (D:1)
  3 leopard geckos
  12 orcs
  A giant cockroach (D:1)
  3 goblins
  6 hobgoblins
  8 kobolds
  4 quokkas
  7 bats
  8 frilled lizards
  A jackal skeleton (D:4)
  8 rats
92 creatures vanquished.

Vanquished Creatures (others)
  15 toadstools (D:2)
15 creatures vanquished.

Grand Total: 107 creatures vanquished

Notes
Turn   | Place    | Note
-------+----------+-------------------------------------------
     0 | D:1      | jasper the Human Gladiator began the quest for the Orb.
     0 | D:1      | Reached XP level 1. HP: 16/16 MP: 1/1
    94 | D:1      | Reached XP level 2. HP: 14/22 MP: 2/2
   663 | D:1      | Reached XP level 3. HP: 13/27 MP: 3/3
   949 | D:1      | Reached skill level 1 in Armour
  1443 | D:2      | Found a blossoming altar of Fedhas.
  1461 | D:2      | Noticed an oklob plant
  1888 | D:2      | Found an opulent altar of Gozag.
  1939 | D:2      | Became a worshipper of Gozag Ym Sagoz the Greedy
  1998 | D:2      | Found a stormy altar of Qazlal.
  2333 | D:3      | Reached XP level 4. HP: 13/34 MP: 4/4
  2574 | D:3      | Reached skill level 4 in Staves
  2822 | D:3      | Found a sparkling altar of Nemelex Xobeh.
  2828 | D:3      | Found a hazy altar of Hepliaklqana.
  2829 | D:3      | Found a glowing silver altar of Zin.
  2829 | D:3      | Found a radiant altar of Vehumet.
  3080 | D:3      | Reached XP level 5. HP: 18/39 MP: 5/5
  3612 | D:4      | Reached skill level 5 in Staves
  3621 | D:4      | Noticed Natasha
  3627 | D:4      | Killed Natasha
  3777 | D:4      | Reached XP level 6. HP: 46/46 MP: 6/6
  3797 | D:4      | Reached skill level 6 in Staves
  3961 | D:4      | Noticed Natasha
  3973 | D:4      | Killed Natasha
  4040 | D:4      | Noticed Ijyb
  4061 | D:4      | Killed Ijyb
  4065 | D:4      | Reached skill level 7 in Staves
  4065 | D:4      | Reached XP level 7. HP: 25/51 MP: 7/7
  4442 | D:4      | Found Anudig's Armour Emporium.
  4450 | D:4      | Bought a +1 pair of boots of flying for 214 gold pieces
  4506 | D:4      | Noticed Natasha
  4521 | D:4      | Killed Natasha
  4694 | D:4      | Found a broken altar of Ashenzari.
  4774 | D:4      | Noticed Eustachio
  4809 | D:4      | Killed Eustachio
  4809 | D:4      | Reached skill level 8 in Staves
  4960 | D:4      | Reached XP level 8. HP: 40/57 MP: 8/8
  5152 | D:5      | Entered Level 5 of the Dungeon
  5310 | D:5      | You are sucked into a shaft and drop 1 floor!
  5330 | D:6      | Gained mutation: Your spells are a little harder to cast,
                  | but a little more powerful. [potion of mutation]
  5330 | D:6      | Gained mutation: You tend to lose your temper in combat.
                  | [potion of mutation]
  5330 | D:6      | Gained mutation: You passively map a small area around you.
                  | [potion of mutation]
  5330 | D:6      | Lost mutation: You tend to lose your temper in combat.
                  | [potion of mutation]
  5330 | D:6      | Slain by a wyvern skeleton

Illustrated notes

Levels and vault maps discovered:
D:1:      elethiomel_arrival_shortcut, layout_basic
D:2:      layout_basic, tgw_fedhas, nicolae_qazlal_eye_of_the_storm,
          nicolae_gozag_cash_rules_everything_around_me
D:3:      layout_rooms, grunt_temple_overflow_open
D:4:      layout_loops_ring, ashenzari_conservatory_becter, serial_shops,
          shop_fountains, nicolae_ossuary_entry_monument, minmay_manual_moon,
          uniq_ijyb, uniq_natasha, uniq_eustachio
D:5:      layout_cave_pools, ebering_ghost_rock_garden, minmay_shop_damaged
D:6:      layout_cave_pools, minmay_temple_entry_large_hall

Skill      XL: |  1  2  3  4  5  6  7 |
---------------+----------------------+-----
Armour         | 1 |  1.1
Staves         | 4 5 7 8 |  8.8
Fighting       | |  2.4
Throwing       | |  2.0
Dodging        | |  3.3

Action                   |  1- 3 |  4- 6 |  7- 9 || total
-------------------------+-------+-------+-------++-------
Melee: Quarterstaff      |   110 |   160 |   105 ||   375
Throw: Stone             |    33 |    29 |    18 ||    80
       Throwing net      |       |     4 |     2 ||     6
  Use: Potion            |       |       |     4 ||     4
 Stab: Held in net/web   |       |     2 |     1 ||     3
Armor: Leather armour    |    29 |       |       ||    29
       Scale mail        |     6 |    60 |    56 ||   122
Dodge: Dodged            |    76 |    62 |    60 ||   198
Block: Other             |     5 |    27 |    25 ||    57
       Reflection        |       |       |     1 ||     1

Table legend: (Time is in decaauts)
 A = Elapsed time spent in this place.
 B = Non-inter-level travel time spent in this place.
 C = Inter-level travel time spent in this place.
 D = Time resting spent in this place.
 E = Time spent auto-exploring this place.
 F = Levels seen in this place.
 G = Mean time per level.
                   A        B        C        D        E       F      G
               +--------+--------+--------+--------+--------+-----+--------+
         Total |   5374 |   5249 |    125 |    992 |   3455 |   6 |  895.7 |
       Dungeon |   5374 |   5249 |    125 |    992 |   3455 |   6 |  895.7 |
               +--------+--------+--------+--------+--------+-----+--------+

Top non-repeatable levels by time:
     D:4: 1726 daAuts
     D:1: 1314 daAuts
     D:2: 1192 daAuts
     D:3: 968 daAuts
     D:5: 155 daAuts
     D:6: 17 daAuts
